Map: Ephemeron LE

Players

Mortlock - Winner!

  • Race: Terran Terran
  • League: Silver
  • Spawn Location: 5:00

A.I. 1 (Hard)

  • Race: Zerg Zerg
  • Spawn Location: 11:00

VOD

Have the link to the VOD?

Description

Time

  • Played on: Jan. 4, 2020, 2:14 a.m.
  • Length: 11:29
Show
View Real Time Build Order
Export as new Build Order

Mortlock Terran - Winner!

Build Orders: 2 Factory, Mech 

Get SALT Encoding   

  12  0:01  SCV  
  13  0:13  SCV  
  14  0:17  Supply Depot  
  14  0:25  SCV  
  15  0:38  SCV  
  15  0:41  Barracks  
  16  0:45  Refinery  
  16  0:51  SCV  
  17  1:03  SCV  
  18  1:15  SCV  
  19  1:27  Orbital Command  
  19  1:30  Barracks Tech Lab  
  19  1:44  Command Center  
  19  1:53  SCV  
  20  2:03  Factory  
  20  2:07  SCV  
  21  2:15  Supply Depot  
  21  2:19  SCV  
  21  2:21  Barracks Reactor  
  22  2:28  Refinery  
  22  2:31  SCV  
  23  2:43  SCV  
  24  2:52  Factory  
  24  2:55  SCV  
  25  3:07  SCV  
  26  3:19  SCV  
  27  3:24  Siege Tank  
  30  3:28  Orbital Command  
  30  3:31  SCV  
  31  3:44  SCV  
  32  3:50  Armory  
  32  3:54  SCV  
  32  3:55  Engineering Bay  
  33  3:56  SCV  
  34  4:03  Hellion  
  34  4:04  Hellion  
  34  4:05  Siege Tank  
  34  4:06  SCV  
  34  4:08  SCV  
  43  4:17  Refinery  
  43  4:18  SCV, Refinery  
  43  4:20  SCV  
  43  4:22  Supply Depot  
  45  4:25  Supply Depot  
  45  4:30  SCV  
  46  4:41  Hellion x2, SCV  
  46  4:45  Siege Tank  
  54  4:48  SCV  
  55  4:53  SCV  
  56  5:00  SCV  
  56  5:05  SCV  
  56  5:06  Command Center  
  60  5:09  Hellion  
  60  5:10  Hellion  
  60  5:12  SCV  
  63  5:17  Siege Tank  
  66  5:22  Smart Servos  
  66  5:29  Supply Depot  
  66  5:30  Missile Turret  
  66  5:34  Missile Turret  
  66  5:36  SCV x2  
  68  5:47  Hellion  
  70  5:50  Siege Tank, SCV x2  
  70  5:51  Hellion  
  70  5:52  Supply Depot  
  77  5:57  Supply Depot  
  77  6:02  SCV  
  78  6:11  Terran Vehicle Weapons Level 1  
  78  6:14  SCV  
  78  6:15  SCV  
  78  6:18  Armory  
  80  6:21  Hellion x2  
  80  6:23  Thor  
  90  6:26  SCV  
  90  6:27  SCV  
  92  6:33  Command Center  
  92  6:38  SCV  
  92  6:39  SCV  
  94  6:41  Infernal Pre-Igniter  
  94  6:46  Orbital Command  
  94  6:51  SCV x2  
  96  6:56  Hellion  
  96  6:58  Hellion  
  100  7:01  Supply Depot  
  100  7:03  SCV x2  
  100  7:06  Supply Depot  
  100  7:08  Supply Depot  
  102  7:11  Supply Depot  
  102  7:15  SCV x2  
  103  7:18  Factory  
  104  7:24  Factory  
  104  7:25  Factory  
  104  7:27  SCV x2  
  104  7:28  Factory  
  106  7:33  Factory  
  106  7:35  Factory  
  106  7:36  SCV  
  107  7:39  SCV  
  107  7:40  SCV  
  107  7:41  Refinery  
  107  7:42  Refinery  
  109  7:46  Missile Turret  
  109  7:48  SCV  
  110  7:51  SCV, Supply Depot  
  110  7:54  Supply Depot  
  111  8:11  Factory Tech Lab x2  
  111  8:12  Factory Tech Lab  
  111  8:13  Factory Tech Lab  
  111  8:14  Supply Depot  
  111  8:17  Supply Depot  
  111  8:18  Factory Reactor x2  
  111  8:35  Thor x3  
  111  8:36  Thor  
  111  8:37  Thor  
  111  8:38  Hellion  
  111  8:39  Hellion  
  145  8:47  Supply Depot  
  145  8:50  Supply Depot  
  145  8:52  Terran Vehicle Weapons Level 2  
  145  8:57  Terran Vehicle And Ship Armor Level 1  
  145  9:00  Hellion x2  
  149  9:16  Planetary Fortress  
  149  9:24  Command Center  
  149  9:25  Missile Turret  
  149  9:55  Thor x3  
  151  10:48  Siege Tank  
  159  10:50  Hellion  
  159  11:22  Command Center  
  159  11:23  Command Center  
Show
View Real Time Build Order
Export as new Build Order

A.I. 1 (Hard) Zerg 

Build Orders: Hatch First 

Get SALT Encoding   

  12  0:01  Drone  
  13  0:12  Overlord  
  13  0:16  Drone  
  14  0:31  Drone  
  14  0:32  Drone  
  14  0:34  Drone  
  17  0:53  Hatchery  
  17  0:56  Drone  
  17  1:12  Spawning Pool  
  17  1:14  Drone  
  17  1:17  Drone  
  18  1:20  Extractor  
  18  1:22  Drone  
  18  1:30  Overlord  
  18  1:38  Drone  
  19  2:00  Queen, Zergling x4  
  23  2:02  Roach Warren  
  23  2:05  Drone  
  23  2:07  Extractor  
  22  2:11  Drone  
  23  2:23  Drone  
  24  2:34  Drone  
  25  2:39  Overlord  
  25  2:43  Roach  
  27  2:44  Drone  
  27  2:45  Roach  
  30  2:56  Drone  
  31  2:59  Roach  
  31  3:01  Drone  
  31  3:04  Drone  
  35  3:09  Overlord  
  35  3:12  Ravager  
  36  3:13  Lair  
  36  3:31  Extractor  
  36  3:33  Drone  
  35  3:36  Drone, Roach  
  38  3:42  Evolution Chamber  
  38  3:43  Drone  
  38  3:50  Evolution Chamber  
  38  3:51  Drone  
  38  3:55  Roach  
  40  4:08  Roach  
  42  4:12  Overlord  
  42  4:13  Hydralisk Den  
  42  4:15  Drone  
  42  4:22  Roach  
  44  4:31  Drone  
  44  4:34  Drone  
  44  4:37  Drone  
  47  4:40  Drone  
  47  4:42  Hydralisk  
  50  4:46  Overlord  
  50  4:49  Drone  
  50  4:52  Drone  
  52  4:55  Drone  
  52  4:56  Hydralisk  
  52  4:57  Drone  
  56  5:00  Drone  
  56  5:04  Drone  
  58  5:07  Drone  
  58  5:09  Overlord  
  59  5:14  Hydralisk, Drone  
  59  5:16  Drone  
  59  5:19  Drone  
  59  5:20  Drone  
  65  5:25  Zerg Melee Weapons Level 1  
  65  5:29  Drone  
  65  5:31  Drone  
  65  5:34  Zerg Ground Armor Level 1  
  67  5:40  Drone  
  67  5:41  Overlord  
  68  5:46  Drone  
  68  5:47  Drone  
  68  5:49  Drone  
  71  5:52  Drone  
  71  5:53  Drone  
  71  5:56  Burrow  
  73  6:02  Overlord  
  73  6:03  Drone  
  74  6:13  Drone  
  74  6:14  Roach  
  77  6:23  Overlord  
  77  6:27  Roach  
  77  6:28  Overseer  
  77  6:29  Overseer  
  79  6:35  Baneling Nest  
  79  6:37  Spore Crawler  
  79  6:38  Spore Crawler  
  76  6:40  Spore Crawler  
  76  6:41  Drone, Roach  
  76  6:43  Overlord  
  78  6:49  Spore Crawler, Drone  
  78  6:51  Queen  
  80  6:54  Roach  
  80  7:01  Infestation Pit, Drone  
  81  7:06  Drone, Spine Crawler, Queen  
  81  7:08  Roach  
  86  7:11  Spine Crawler  
  86  7:13  Drone, Spine Crawler  
  86  7:15  Drone  
  86  7:19  Zerg Missile Weapons Level 1, Spine Crawler  
  86  7:20  Drone  
  86  7:21  Hydralisk  
  88  7:27  Spire  
  88  7:29  Drone  
  88  7:34  Hydralisk  
  90  7:48  Hydralisk  
  92  7:53  Extractor  
  91  8:02  Roach  
  93  8:15  Drone  
  94  9:21  Overlord, Mutalisk, Pneumatized Carapace  
  94  9:22  Overseer  
  96  9:29  Mutalisk  
  98  9:33  Hatchery  
  98  9:37  Mutalisk  
  99  9:40  Overlord  
  99  9:44  Mutalisk  
  101  9:52  Mutalisk  
  101  9:58  Overlord  
  100  10:00  Corruptor  
  100  10:02  Overseer  
  100  10:04  Hive  
  98  10:08  Mutalisk  
  98  10:16  Mutalisk  
  98  10:17  Overlord x2  
  98  10:18  Drone  
  98  10:24  Mutalisk  
  98  10:25  Overseer  
  98  10:32  Mutalisk  
  83  10:36  Overlord, Hydralisk  
  83  10:38  Spine Crawler  
  83  10:40  Zergling x2  
  83  10:41  Drone  
  68  10:42  Drone  
  68  10:45  Drone  
  68  10:49  Queen  
  62  10:51  Mutalisk  
  62  10:55  Drone  
  29  10:59  Extractor, Drone, Overseer  
  29  11:01  Drone  
  21  11:06  Drone  
  21  11:08  Overlord  
  21  11:09  Drone  
  21  11:10  Drone x2  
  21  11:11  Drone  
  22  11:17  Extractor  
Tags
 
Composition
Mech
League
Silver
Matchup
TvZ
Spawn Locations
Cross Positions
Add a new tag
Caveats
  • Supply blocks, unpowered buildings, or Contaminate may cause inaccurate times.
  • Supply counts are checked every 10 seconds.